 Dungeon Crawl Stone Soup version 0.17.0-28-g6e173f8 (webtiles) character file.

1742 homeworkjunkie the Covert (level 8, -3/40 HPs)
             Began as a Spriggan Assassin on Dec 2, 2015.
             Was a Follower of Okawaru.
             Slain by Duvessa
             ... wielding a +0 short sword
              (8 damage)
             ... on level 5 of the Dungeon.
             The game lasted 00:13:29 (5834 turns).

homeworkjunkie the Covert (Spriggan Assassin)       Turns: 5834, Time: 00:13:30

Health: -3/40      AC:  5    Str: 12    XL:     8   Next: 77%
Magic:  9/9        EV: 24    Int: 13    God:    Okawaru [*.....]
Gold:   273        SH:  0    Dex: 19    Spells: 0 memorised, 7 levels left

rFire  . . .     SeeInvis +     a - +1 dagger (venom)
rCold  . . .     Clarity  .     c - +0 robe
rNeg   . . .     SustAt   .     (shield restricted)
rPois  .         Gourm    .     (helmet restricted)
rElec  .         Spirit   .     d - +2 cloak
rCorr  .         Warding  .     (gloves unavailable)
rMut   .         Stasis   .     (boots unavailable)
MR     +....                    (no amulet)
Stlth  +++++.....               p - +5 ring of strength
                                (no ring)

@: very quick, somewhat resistant to hostile enchantments, quite stealthy
A: unfitting armour, see invisible, herbivore 3, speed 3, slow metabolism 2
a: Heroism, Renounce Religion


You were on level 5 of the Dungeon.
You worshipped Okawaru.
Okawaru was aware of your devotion.
You were not hungry.

You visited 2 branches of the dungeon, and saw 7 of its levels.
You also visited: Ossuary.

You collected 273 gold pieces.

Inventory:

Hand Weapons
 a - a +1 dagger of venom (weapon)
 b - a +0 blowgun
 m - a +2 dagger
 q - a +0 hunting sling
Missiles
 e - 32 poisoned needles
 f - 2 curare-tipped needles
 s - 8 sling bullets
 t - 12 silver sling bullets
 w - 4 poisoned sling bullets
 z - 3 tomahawks of returning (quivered)
Armour
 c - a +0 robe (worn)
 d - a +2 cloak (worn)
Jewellery
 p - a +5 ring of strength (right hand)
Scrolls
 j - 3 scrolls of remove curse
 n - a scroll of teleportation
 o - 2 scrolls of identify
 x - 2 scrolls of magic mapping
 y - 4 scrolls of amnesia {unknown}
 A - a scroll of recharging {unknown}
 D - a scroll of fog {unknown}
Potions
 h - a potion of lignification
 i - 2 potions of heal wounds
 k - 4 potions of curing
 l - 3 potions of brilliance
 r - a potion of cancellation
 u - 2 potions of degeneration {unknown}
 v - a potion of flight {unknown}
 B - a potion of berserk rage {unknown}
 C - a potion of poison {unknown}
 F - a potion of might {unknown}
Books
 E - a book of Flames

   Spells                             Type                      Level
   a - Flame Tongue                   Conjuration/Fire             1
   b - Throw Flame                    Conjuration/Fire             2
   c - Conjure Flame                  Conjuration/Fire             3
   d - Inner Flame                    Hexes/Fire                   3
   e - Sticky Flame                   Conjuration/Fire             4
   f - Fireball                       Conjuration/Fire             5
Comestibles
 g - 2 bread rations


   Skills:
 * Level 3.3 Fighting
 * Level 4.2 Short Blades
 * Level 5.6(6.7) Slings
 * Level 4.5(5.4) Throwing
 * Level 7.9 Dodging
 * Level 10.4 Stealth


You had 7 spell levels left.
You didn't know any spells.

Dungeon Overview and Level Annotations

Branches:
Dungeon (6/15)             Temple (1/1) D:4

Altars:
Ashenzari
Dithmenos
Gozag
Kikubaaqudgha
Okawaru
Ru
Sif Muna
Trog
Yredelemnul
The Shining One

Annotations:
D:5 Duvessa


Innate Abilities, Weirdness & Mutations

You are tiny and cannot use many weapons and most armour.
You have supernaturally acute eyesight.
You are a herbivore.
You cover ground extremely quickly.
You need consume almost no food.


Message History

You barely miss Duvessa. Duvessa misses you.
You closely miss Duvessa. Duvessa barely misses you.
You hit Duvessa but do no damage. Duvessa hits you but does no damage.
You closely miss Duvessa. Duvessa barely misses you.
You hit Duvessa but do no damage.
Duvessa is poisoned.
Duvessa hits you with a short sword!
You completely miss Duvessa.
Duvessa is lightly wounded.
Duvessa closely misses you. Duvessa hits you with a short sword!
Duvessa rages.
An iguana comes into view.
You hit Duvessa.
Duvessa looks even sicker.
Duvessa is lightly wounded.
Duvessa hits you with a short sword!
* * * LOW HITPOINT WARNING * * *
You hit Duvessa.
Duvessa is lightly wounded.
Duvessa hits you with a short sword!
You die...

#...# #.......# #### #...#
####.#####.(. #...####
#.......... #####......#
#.#.##..#.# ##.#........#
#.#.##..#.# ##.#.........#
#.#.......# #.###....##..#
#.####..###
..(#...#.##..###.####..###.#
....#...........@e..l......#
..###........##.############
.## #..##....##.# ..#
#...[....##.# ..#
#.##...####<# ..#
#.##...####.#
#.###......(....###
##.###............# #.##
#......##.##.#


You could see Duvessa (berserk) and an iguana.

Vanquished Creatures
  Prince Ribbit (D:5)
  Sigmund (D:3)
  Edmund (D:6)
  A sky beast (D:5)
  A centaur (D:5)
  An ice beast (D:5)
  A phantom (D:5)
  2 ogres
  A giant frog (D:6)
  Dowan (D:5)
  3 hounds
  An orc wizard (D:5)
  A centaur zombie (D:5)
  2 orc priests
  Jessica (D:3)
  Terence (D:3)
  7 big kobold zombies (Ossuary)
  3 hound skeletons (D:5)
  2 mummies
  5 adders
  A shadow imp (D:4)
  An ooze (D:2)
  An adder zombie (D:5)
  11 orcs
  2 spectral bats (Ossuary)
  A ball python (D:3)
  6 giant cockroaches
  5 gnoll zombies (Ossuary)
  10 goblins
  8 hobgoblins
  6 kobolds
  8 bats
  2 bat simulacra (Ossuary)
  4 giant geckos
  4 giant newts
  5 goblin simulacra (Ossuary)
  5 goblin zombies (Ossuary)
  7 hobgoblin zombies (Ossuary)
  4 jackals (D:4)
  A jackal zombie (D:5)
  4 kobold simulacra (Ossuary)
  4 kobold zombies (Ossuary)
  2 orc zombies (Ossuary)
  6 quokkas
  7 rats
  4 rat simulacra (Ossuary)
  4 spectral goblins (Ossuary)
  A spectral kobold (Ossuary)
  3 spectral rats (Ossuary)
164 creatures vanquished.

Notes
Turn   | Place    | Note
--------------------------------------------------------------
     0 | D:1      | homeworkjunkie the Spriggan Assassin began the quest for the Orb.
     0 | D:1      | Reached XP level 1. HP: 10/10 MP: 2/2
    71 | D:1      | Reached skill level 6 in Stealth
   395 | D:1      | Reached XP level 2. HP: 14/14 MP: 3/3
  1336 | D:1      | Reached XP level 3. HP: 10/18 MP: 4/4
  1672 | D:2      | Found a shattered altar of Ashenzari.
  1676 | D:2      | Saw a vision of the Shoals and the Snake Pit.
  1676 | D:2      | Noticed a merfolk
  1676 | D:2      | Noticed a naga warrior
  1676 | D:2      | Noticed a black mamba
  1676 | D:2      | Noticed a black mamba
  1676 | D:2      | Noticed a naga
  1676 | D:2      | Noticed a black mamba
  1676 | D:2      | Noticed a centaur
  1676 | D:2      | Noticed a salamander
  1676 | D:2      | Noticed a naga ritualist
  1676 | D:2      | Noticed a naga sharpshooter
  1676 | D:2      | Noticed a siren
  1676 | D:2      | Noticed a naga mage
  1676 | D:2      | Noticed a centaur
  1677 | D:2      | Noticed an anaconda
  1677 | D:2      | Noticed a naga warrior
  1678 | D:2      | Noticed a black mamba
  1679 | D:2      | Noticed a merfolk
  1922 | D:2      | Reached skill level 7 in Stealth
  2230 | D:3      | Reached XP level 4. HP: 23/23 MP: 5/5
  2248 | D:3      | Noticed Sigmund
  2290 | D:3      | Killed Sigmund
  2290 | D:3      | Reached skill level 1 in Slings
  2290 | D:3      | Reached skill level 8 in Stealth
  2290 | D:3      | Reached XP level 5. HP: 16/26 MP: 6/6
  2686 | D:3      | Noticed Terence
  2719 | D:3      | Killed Terence
  2725 | D:3      | Reached XP level 6. HP: 30/30 MP: 7/7
  2767 | D:3      | Noticed Jessica
  2773 | D:3      | Killed Jessica
  3125 | D:3      | Noticed an orc priest
  3157 | D:3      | Killed an orc priest
  3566 | D:5      | Entered Level 5 of the Dungeon
  3686 | D:5      | Noticed Dowan
  3751 | D:5      | Reached skill level 9 in Stealth
  3751 | D:5      | Reached XP level 7. HP: 35/35 MP: 8/8
  3753 | D:5      | Killed Dowan
  3894 | D:5      | Reached skill level 5 in Dodging
  4158 | D:5      | Noticed Prince Ribbit
  4161 | D:5      | Killed Prince Ribbit
  4199 | D:5      | Reached XP level 8. HP: 32/39 MP: 9/9
  4339 | D:4      | Found a staircase to the Ecumenical Temple.
  4344 | Temple   | Entered the Ecumenical Temple
  4363 | Temple   | Became a worshipper of Warmaster Okawaru
  4640 | D:5      | Reached skill level 5 in Slings
  4829 | D:6      | Found a sand-covered staircase.
  4836 | Ossuary  | Entered an ossuary
  5631 | D:6      | Reached skill level 10 in Stealth
  5660 | D:6      | Noticed Edmund
  5663 | D:6      | Killed Edmund
  5663 | D:6      | Reached * piety under Okawaru
  5770 | D:5      | Found a sacrificial altar of Ru.
  5820 | D:5      | Noticed Duvessa
  5834 | D:5      | Slain by Duvessa

Action                   |  1- 3 |  4- 6 |  7- 9 || total
-------------------------+-------+-------+-------++-------
Melee: Dagger            |   139 |    79 |   334 ||   552
 Fire: Blowgun           |     7 |    47 |       ||    54
       Hunting sling     |       |    41 |    63 ||   104
  Use: Scroll            |     6 |     4 |     3 ||    13
       Potion            |       |     2 |     1 ||     3
 Stab: Sleeping          |    16 |     7 |    23 ||    46
       Distracted        |       |     2 |     1 ||     3
       Invisible         |       |       |     5 ||     5
  Eat: Bread ration      |       |       |     1 ||     1
